 Dungeon Sprint DCSS version 0.19.0-24-gb05acd6 (webtiles) character file.

34267 igo the Impregnable (level 13, -8/134 HPs)
             Began as a Deep Dwarf Gladiator on Nov 21, 2016.
             Was the Champion of Makhleb.
             Mangled by a spriggan defender
             ... wielding a +7 demon whip of freezing
              (10 damage)
             ... in the Dungeon (Sprint IX: "|||||||||||||||||||||||||||||").
             The game lasted 00:18:43 (2158 turns).

igo the Impregnable (Deep Dwarf Gladiator)          Turns: 2158, Time: 00:18:44

Health: -8/134     AC: 35    Str: 29    XL:     13   Next: 41%
Magic:  12/13      EV: 21    Int:  9    God:    Makhleb [******]
Gold:   381        SH:  0    Dex: 19    Spells: 0 memorised, 12 levels left

rFire  . . .     SeeInvis .     p - +0 lajatang
rCold  . . .     Gourm    .     i - +4 chain mail {rPois}
rNeg   . . .     Faith    .     (shield currently unavailable)
rPois  +         Spirit   .     c - +2 helmet
rElec  .         Reflect  .     O - +2 cloak
rCorr  .         Harm     .     r - +2 pair of gloves
MR     +....     NoTele   +     y - +2 pair of boots
Stlth  ..........               (no amulet)
                                u - +3 ring of dexterity
                                t - +3 ring of strength

@: mighty, very slightly contaminated, non-regenerating
A: damage resistance, recharge devices, sense surroundings 2, slow regeneration
3
a: Device Recharging, Minor Destruction, Lesser Servant of Makhleb, Major
Destruction, Greater Servant of Makhleb, Renounce Religion


You were in the Dungeon.
You worshipped Makhleb.
Makhleb was exalted by your worship.
You were not hungry.

You visited 1 branch You collected 1921 gold pieces.
You spent 1540 gold pieces at shops.

Inventory:

Hand Weapons
 a - a +0 quarterstaff
 h - a +1 great mace of protection
 p - a +0 lajatang (weapon)
 L - a +1 great sword of draining
 M - a +0 triple crossbow
Missiles
 d - 3 throwing nets (quivered)
Armour
 b - a +0 leather armour
 c - a +2 helmet (worn)
 i - a +4 chain mail of poison resistance (worn)
 q - a +0 helmet
 r - a +2 pair of gloves (worn)
 s - a +0 plate armour
 y - a +2 pair of boots (worn)
 C - a +0 pair of gloves
 N - a +2 plate armour
 O - a +2 cloak (worn)
 P - a +1 helmet
Magical Staves
 o - an uncursed staff of energy
Jewellery
 t - a +3 ring of strength (left hand)
 u - a +3 ring of dexterity (right hand)
 H - an uncursed ring of protection from cold
 I - a +3 amulet of reflection
 J - an uncursed ring of poison resistance
 K - an uncursed ring of protection from fire
Wands
 e - a wand of heal wounds (1/9)
 n - a wand of lightning (0/15)
 D - a wand of teleportation (4/9)
Scrolls
 k - 5 scrolls of remove curse
 m - 2 scrolls of amnesia
 A - 3 scrolls of identify
 S - a scroll of enchant armour
Potions
 g - 6 potions of curing
 j - 4 potions of magic
 Q - 2 potions of cure mutation
Books
 w - a book of Minor Magic

   Spells                             Type                      Level
   a - Magic Dart                     Conjuration                  1
   b - Blink                          Translocation                2
   c - Call Imp                       Summoning                    2
   d - Repel Missiles                 Charms/Air                   2
   e - Slow                           Hexes                        2
   f - Conjure Flame                  Conjuration/Fire             3
   g - Mephitic Cloud                 Conjuration/Poison/Air       3
 z - a book of Misfortune

   Spells                             Type                      Level
   a - Confusing Touch                Hexes                        1
   b - Confuse                        Hexes                        3
   c - Gell's Gravitas                Hexes/Translocation          3
   d - Petrify                        Transmutation/Earth          4
   e - Metabolic Englaciation         Hexes/Ice                    5
   f - Yara's Violent Unravelling     Hexes/Transmutation          5
 F - a book of Frost

   Spells                             Type                      Level
   a - Freeze                         Ice                          1
   b - Throw Frost                    Conjuration/Ice              2
   c - Ozocubu's Armour               Charms/Ice                   3
   d - Throw Icicle                   Conjuration/Ice              4
   e - Summon Ice Beast               Ice/Summoning                4
 G - a book of Ice

   Spells                             Type                      Level
   a - Ice Form                       Ice/Transmutation            4
   b - Metabolic Englaciation         Hexes/Ice                    5
   c - Ozocubu's Refrigeration        Ice                          6
   d - Bolt of Cold                   Conjuration/Ice              6
   e - Freezing Cloud                 Conjuration/Ice/Air          6
   f - Simulacrum                     Ice/Necromancy               6
Comestibles
 f - 14 bread rations
 v - 40 fruits
 x - a chunk of flesh
 B - 12 meat rations


   Skills:
 + Level 13.7 Fighting
 * Level 18.6 Staves
 - Level 1.7 Throwing
 * Level 21.3 Armour
 + Level 16.0 Dodging
 + Level 1.3 Invocations
 + Level 1.5 Evocations


You had 12 spell levels left.
You didn't know any spells.

Dungeon Overview and Level Annotations

Branches:
Dungeon (1/1)

Altars:
Cheibriados
Dithmenos
Elyvilon
Fedhas
Gozag
Hepliaklqana
Kikubaaqudgha
Makhleb
Nemelex Xobeh
Okawaru
Qazlal
Ru
Sif Muna
Trog
Uskayaw
Vehumet
Xom
Yredelemnul
Zin
The Shining One
Beogh
Jiyva
Lugonu

Shops:
D (:*}


Innate Abilities, Weirdness & Mutations

You are resistant to damage.
You can recharge devices by infusing magical energy.
You passively map the area around you.
You do not regenerate.


Message History

The spriggan defender hits you with a demon whip of freezing!!
* * * LOW HITPOINT WARNING * * *
The spriggan defender freezes you!
* * * LOW HITPOINT WARNING * * *
Okay, then.
You are too injured to fight recklessly!
You miss the spriggan defender.
The spriggan defender is lightly wounded.
The moth of wrath goads the spriggan defender on!
The spriggan defender goes berserk!
The spriggan defender misses you.
The spriggan defender blocks your attack.
The spriggan defender is lightly wounded.
The spriggan defender completely misses you.
The spriggan defender blocks your attack.
The spriggan defender is lightly wounded.
The spriggan defender closely misses you.
The spriggan defender hits you with a demon whip of freezing!!
* * * LOW HITPOINT WARNING * * *
The spriggan defender freezes you!
You die...

.▓.▓)▓.▓)▓.▓.▓.▓.▓ ,
, *,
.▓.▓)▓.▓)▓.▓'▓.▓.▓ *
, , *
:▓.▓)▓.▓.▓.▓(▓.▓)▓ *
* * ,
.▓.▓'▓.▓.▓.▓(▓.▓c▓ ,
,*,*
.▓.▓.▓.▓.▓.▓)▓.▓H▓ +
* *
.▓.▓.▓.▓.▓.▓.▓.▓y▓ ,
* .▓.▓.▓.▓.▓.▓.▓.▓G▓
* .▓.▓.▓.▓'▓.▓.▓.▓i▓
* , , *
.▓.▓.▓.▓.▓.▓.▓.▓@▓,*
, *
'▓.▓.▓.▓.▓.▓.▓.▓.▓,*
* *
.▓.▓.▓.▓.▓.▓.▓.▓.▓ *
*, * ,*
.▓.▓.▓.▓.▓.▓.▓.▓.▓
*, * ,
.▓.▓.▓.▓.▓.▓.▓.▓.▓
*, *,*
.▓.▓.▓.▓)▓.▓.▓.▓.▓ *
, .▓.▓.▓.▓)▓.▓.▓.▓.▓
* , ,
.▓.▓.▓.▓.▓.▓.▓.▓.▓ *
* *
.▓...▓...▓...▓...▓


You could see a sphinx, a yaktaur captain, a spriggan defender (berserk), a moth
of wrath shaped shifter and a floating eye.

Vanquished Creatures
  A frost giant (D)
  A vampire knight (D)
  A dire elephant (D)
  2 ettins (D)
  Erolcha (D)
  A rakshasa (D)
  An ice dragon (D)
  3 centaur warriors (D)
  2 hydras (D)
  An anaconda (D)
  An orc high priest (D)
  Urug (D)
  A naga sharpshooter (D)
  A sea snake (D)
  A spriggan druid (D)
  A hill giant (D)
  A shambling mangrove (D)
  A glowing orange brain (D)
  2 orc knights (D)
  2 wolf spiders (D)
  A necromancer (D)
  4 orc sorcerers (D)
  2 orb spiders (D)
  2 ugly things (D)
  A mana viper (D)
  A guardian serpent (D)
  A moth of wrath (D)
  7 elephants (D)
  A cyclops (D)
  3 black mambas (D)
  A naga mage (D)
  A gargoyle (D)
  A spiny frog (D)
  2 demonic crawlers (D)
  2 yaktaurs (D)
  5 merfolk (D)
  2 wind drakes (D)
  2 tyrant leeches (D)
  3 hornets (D)
  A two-headed ogre (D)
  A blink frog (D)
  A snapping turtle (D)
  A hippogriff (D)
  A slime creature (D)
  A redback (D)
  A wyvern (D)
  A shadow (D)
  Eustachio (D)
  3 yaks (D)
  A basilisk (D)
  A vampire mosquito (D)
  Grum (D)
  A naga (D)
  A water moccasin (D)
  2 porcupines (D)
  An ice beast (D)
  9 orc warriors (D)
  A swamp drake (D)
  A boggart (D)
  3 wolves (D)
  4 crocodiles (D)
  A big kobold (D)
  2 bullfrogs (D)
  A gnoll sergeant (D)
  5 orc priests (D)
  5 orc wizards (D)
  2 iguanas (D)
  An adder (D)
  An adder zombie (D)
  A leopard gecko (D)
  12 orcs (D)
  A bat skeleton (D)
  A giant cockroach (D)
  A goblin (D)
  2 hobgoblins (D)
  A quokka (D)
  A bat (D)
  A jackal skeleton (D)
145 creatures vanquished.

Vanquished Creatures (others)
  A spatial maelstrom (D)
  An unseen horror (shapeshifter) (D)
  A naga (D)
  A phantom (D)
  An orc (D)
5 creatures vanquished.

Grand Total: 150 creatures vanquished

Notes
Turn   | Place    | Note
-------+----------+-------------------------------------------
     0 | D        | igo the Deep Dwarf Gladiator began the quest for the Orb.
     0 | D        | Reached XP level 1. HP: 19/19 MP: 1/1
     0 | D        | Banished a spatial maelstrom
     6 | D        | Reached skill level 1 in Armour
    11 | D        | Reached skill level 2 in Armour
    22 | D        | Noticed an ice beast
    22 | D        | Noticed an iguana
    26 | D        | Reached XP level 2. HP: 27/27 MP: 2/2
    31 | D        | Reached skill level 4 in Armour
    31 | D        | Reached XP level 3. HP: 34/34 MP: 3/3
    39 | D        | Killed an ice beast
    39 | D        | Reached skill level 5 in Staves
    39 | D        | Reached skill level 6 in Armour
    39 | D        | Reached skill level 5 in Dodging
    39 | D        | Reached XP level 4. HP: 44/44 MP: 4/4
    39 | D        | Reached XP level 5. HP: 50/50 MP: 5/5
    50 | D        | Found a roughly hewn altar of Beogh.
    50 | D        | Found a snail-covered altar of Cheibriados.
    50 | D        | Found a shadowy altar of Dithmenos.
    50 | D        | Found a white marble altar of Elyvilon.
    50 | D        | Found a blossoming altar of Fedhas.
    50 | D        | Found an opulent altar of Gozag.
    51 | D        | Found a hazy altar of Hepliaklqana.
    52 | D        | Found a viscous altar of Jiyva.
    53 | D        | Found an ancient bone altar of Kikubaaqudgha.
    54 | D        | Found a corrupted altar of Lugonu.
    55 | D        | Found a burning altar of Makhleb.
    56 | D        | Found a sparkling altar of Nemelex Xobeh.
    57 | D        | Found an iron altar of Okawaru.
    58 | D        | Found a stormy altar of Qazlal.
    59 | D        | Found a sacrificial altar of Ru.
    60 | D        | Found a deep blue altar of Sif Muna.
    61 | D        | Found a bloodstained altar of Trog.
    62 | D        | Found a hide-covered altar of Uskayaw.
    63 | D        | Became a worshipper of Makhleb the Destroyer
    64 | D        | Found a radiant altar of Vehumet.
    65 | D        | Found a shimmering altar of Xom.
    66 | D        | Found a basalt altar of Yredelemnul.
    67 | D        | Found a glowing silver altar of Zin.
    68 | D        | Found a glowing golden altar of the Shining One.
   116 | D        | Noticed a yak
   129 | D        | Reached * piety under Makhleb
   129 | D        | Reached skill level 7 in Armour
   139 | D        | Killed a yak
   139 | D        | Reached skill level 5 in Fighting
   139 | D        | Reached skill level 8 in Armour
   139 | D        | Reached XP level 6. HP: 49/61 MP: 6/6
   142 | D        | Reached skill level 9 in Armour
   145 | D        | Reached ** piety under Makhleb
   152 | D        | Noticed a centaur warrior
   152 | D        | Noticed a black mamba
   152 | D        | Noticed a hill giant
   155 | D        | a black mamba changed into something unseen
   160 | D        | Killed a hill giant
   160 | D        | Reached skill level 10 in Armour
   160 | D        | Reached XP level 7. HP: 47/70 MP: 7/7
   164 | D        | Killed an unseen horror
   164 | D        | Reached skill level 10 in Staves
   164 | D        | Reached skill level 11 in Armour
   164 | D        | Reached XP level 8. HP: 44/80 MP: 8/8
   177 | D        | Killed a centaur warrior
   177 | D        | Reached skill level 12 in Armour
   177 | D        | Gained mutation: You passively map the area around you. [Deep Dwarf growth]
   177 | D        | Reached XP level 9. HP: 48/88 MP: 9/9
   180 | D        | Reached *** piety under Makhleb
   207 | D        | Noticed Urug
   212 | D        | HP: 2/88 [Urug/great mace of protection (26)]
   224 | D        | HP: 4/88 [Urug/great mace of protection (20)]
   238 | D        | Killed Urug
   238 | D        | Reached skill level 13 in Armour
   238 | D        | Reached skill level 10 in Dodging
   344 | D        | Noticed a black mamba
   361 | D        | Reached **** piety under Makhleb
   386 | D        | Killed a black mamba
   386 | D        | Reached skill level 14 in Armour
   393 | D        | Reached ***** piety under Makhleb
   393 | D        | Reached XP level 10. HP: 54/99 MP: 10/10
   408 | D        | Noticed a six-headed hydra
   408 | D        | Noticed a four-headed hydra
   420 | D        | Killed a four-headed hydra
   420 | D        | Reached skill level 15 in Armour
   435 | D        | Killed a six-headed hydra
   438 | D        | Reached ****** piety under Makhleb
   450 | D        | Noticed an elephant
   450 | D        | Noticed an elephant
   450 | D        | Noticed an elephant
   450 | D        | Noticed an elephant
   450 | D        | Noticed an elephant
   450 | D        | Noticed a dire elephant
   465 | D        | Killed a dire elephant
   465 | D        | Reached skill level 10 in Fighting
   466 | D        | Noticed an elephant
   474 | D        | Killed an elephant
   484 | D        | Killed an elephant
   484 | D        | Reached skill level 16 in Armour
   490 | D        | Killed an elephant
   490 | D        | Reached XP level 11. HP: 83/110 MP: 11/11
   678 | D        | Noticed Grum
   679 | D        | Noticed Erolcha
   690 | D        | Killed Grum
   694 | D        | Killed Erolcha
   754 | D        | Reached skill level 17 in Armour
   766 | D        | Noticed an ettin
   784 | D        | Killed an ettin
   784 | D        | Reached skill level 15 in Staves
   824 | D        | Noticed an orc knight
   842 | D        | Killed an orc knight
   850 | D        | Noticed an orc knight
   881 | D        | Killed an orc knight
   958 | D        | Found Wist's Gadget Boutique.
   958 | D        | Noticed an orc high priest
   958 | D        | Noticed an orc sorcerer
   969 | D        | Killed an orc sorcerer
   971 | D        | Noticed an orc sorcerer
   972 | D        | Found Muil's General Store.
   978 | D        | Killed an orc high priest
   980 | D        | Found Qunauq's Book Boutique.
   991 | D        | Killed an orc sorcerer
   991 | D        | Reached skill level 18 in Armour
   997 | D        | Found Kups's Weapon Shop.
  1001 | D        | Noticed an orc sorcerer
  1008 | D        | Noticed an orc sorcerer
  1009 | D        | Killed an orc sorcerer
  1012 | D        | Paralysed by an orc sorcerer for 7 turns
  1028 | D        | Killed an orc sorcerer
  1062 | D        | Bought a book of Minor Magic for 220 gold pieces
  1062 | D        | Bought a book of Misfortune for 220 gold pieces
  1062 | D        | Bought a book of Frost for 385 gold pieces
  1062 | D        | Bought a book of Ice for 715 gold pieces
  1298 | D        | Noticed a cyan ugly thing
  1298 | D        | Noticed a cyan ugly thing
  1299 | D        | Noticed a centaur warrior
  1305 | D        | Reached XP level 12. HP: 66/122 MP: 12/12
  1310 | D        | Noticed an ice dragon
  1326 | D        | Noticed a centaur warrior
  1346 | D        | Killed a centaur warrior
  1347 | D        | Noticed a vampire knight
  1357 | D        | Killed an ice dragon
  1368 | D        | Killed a centaur warrior
  1368 | D        | Reached skill level 19 in Armour
  1394 | D        | Paralysed by something for 7 turns
  1444 | D        | Paralysed by a vampire knight for 3 turns
  1460 | D        | Killed a vampire knight
  1566 | D        | Noticed Eustachio
  1584 | D        | Killed Eustachio
  1660 | D        | Noticed an anaconda
  1674 | D        | Killed an anaconda
  1761 | D        | Reached skill level 15 in Dodging
  1773 | D        | Reached skill level 20 in Armour
  1867 | D        | Reached XP level 13. HP: 132/133 MP: 13/13
  2081 | D        | Noticed a spriggan defender
  2081 | D        | Noticed a frost giant
  2081 | D        | Noticed an ettin
  2086 | D        | Paralysed by a floating eye for 4 turns
  2095 | D        | Noticed a sphinx
  2098 | D        | Paralysed by a floating eye for 2 turns
  2103 | D        | Killed a frost giant
  2103 | D        | Reached skill level 21 in Armour
  2103 | D        | Paralysed by a floating eye for 2 turns
  2112 | D        | Paralysed by a floating eye for 4 turns
  2123 | D        | Paralysed by a floating eye for 4 turns
  2133 | D        | Paralysed by a floating eye for 2 turns
  2144 | D        | Paralysed by a floating eye for 2 turns
  2151 | D        | Killed an ettin
  2151 | D        | Reached skill level 1 in Invocations
  2151 | D        | Reached skill level 1 in Evocations
  2158 | D        | HP: 2/134 [spriggan defender/demon whip of freezing (27)]
  2158 | D        | Mangled by a spriggan defender

Skill      XL: |  1  2  3  4  5  6  7  8  9 10 11 12 13 |
---------------+----------------------------------------+-----
Armour         | 2 4 6 8 10 11 12 14 16 18 20 21 | 21.3
Fighting       | 2 3 4 5 6 7 8 9 10 11 13 | 13.7
Staves         | 3 4 5 7 9 10 11 12 14 16 17 18 | 18.6
Dodging        | 4 5 7 8 9 10 12 13 15 16 | 16.0
Invocations    | 1 |  1.3
Evocations     | 1 |  1.5
Throwing       | |  1.7

Action                   |  1- 3 |  4- 6 |  7- 9 | 10-12 | 13-15 || total
-------------------------+-------+-------+-------+-------+-------++-------
Melee: Quarterstaff      |    27 |     4 |       |    22 |       ||    53
       Lajatang          |       |    31 |    90 |   539 |   111 ||   771
 Abil: Device Recharging |       |       |       |       |     1 ||     1
Evoke: Wand              |       |       |     3 |     9 |     2 ||    14
  Use: Potion            |     2 |     3 |     1 |     7 |     1 ||    14
       Scroll            |       |       |       |     9 |     1 ||    10
 Stab: Invisible         |       |     2 |     5 |       |       ||     7
       Confused          |       |       |       |       |     1 ||     1
  Eat: Chunk             |       |       |       |     5 |     1 ||     6
Armor: Leather armour    |     3 |     1 |       |       |       ||     4
       Plate armour      |       |     9 |    16 |       |       ||    25
       Chain mail        |       |       |    23 |   225 |    36 ||   284
Dodge: Dodged            |    19 |    19 |    47 |   372 |    45 ||   502
